 Dungeon Crawl Stone Soup version 0.27-a0-1281-ge233d83751 (webtiles) character file.

Game seed: 9432638822724838154

212 Ijustatesigmund the Sneak (level 5, -2/28 HPs)
             Began as a Spriggan Brigand on June 14, 2021.
             Slain by an ogre (27 damage)
             ... on level 4 of the Dungeon.
             The game lasted 00:05:25 (3396 turns).

Ijustatesigmund the Sneak (Spriggan Brigand)        Turns: 3396, Time: 00:05:26

Health: -2/28      AC:  3    Str:  7    XL:     5   Next: 58%
Magic:  6/6        EV: 16    Int: 12    God:
Gold:   162        SH:  0    Dex: 18    Spells: 4/4 levels left

rFire    + . .     SeeInvis +   a - +2 rapier (elec)
rCold    . . .     Faith    .   (shield restricted)
rNeg     . . .     Spirit   .   b - +0 robe
rPois    .         Reflect  .   (helmet restricted)
rElec    .         Harm     .   c - +0 cloak
rCorr    +         Rampage  .   (gloves unavailable)
Will     .....                  (boots unavailable)
Stlth    +++.......             (no amulet)
HPRegen  0.09/turn              g - ring of protection from fire
MPRegen  0.10/turn              s - ring of resist corrosion

@: very quick
A: very small, no large weapons, unfitting armour, see invisible, speed 3
a: no special abilities


You were on level 4 of the Dungeon.
You visited 1 branch of the dungeon, and saw 4 of its levels.

You collected 162 gold pieces.

Inventory:

Hand Weapons
 a - a +2 rapier of electrocution (weapon)
 n - a +2 dagger
Missiles
 d - 8 poisoned darts (quivered)
 e - 2 curare-tipped darts
 f - 2 boomerangs
Armour
 b - a +0 robe (worn)
 c - a +0 cloak (worn)
Jewellery
 g - a ring of protection from fire (left hand)
 q - a ring of protection from fire
 s - a ring of resist corrosion (right hand)
Wands
 j - a wand of flame (14)
 l - a wand of mindburst (10)
Scrolls
 i - a scroll of teleportation
 r - a scroll of blinking
Potions
 k - a potion of attraction
 m - a potion of berserk rage {unknown}
 o - a potion of flight {unknown}
 p - a potion of heal wounds {unknown}


   Skills:
 - Level 3.6 Fighting
 - Level 4.8 Short Blades
 - Level 2.0 Throwing
 + Level 1.3 Dodging
 + Level 5.8 Stealth


You had 4 spell levels left.
You didn't know any spells.
Your spell library contained the following spells:

 Spells                   Type           Power      Damage    Failure   Level
 Shock                    Conj/Air       0%         1d3       32%         1
 Static Discharge         Conj/Air       0%         N/A       45%         2
 Swiftness                Air            0%         N/A       69%         3
 Airstrike                Air            0%         N/A       97%         4
 Lightning Bolt           Conj/Air       0%         1d11      100%        5


Dungeon Overview and Level Annotations

Branches:
Dungeon (4/15)
 Temple: D:4-7

Altars:
Yredelemnul

Shops:
D:1 [


Innate Abilities, Weirdness & Mutations

You are very small and have problems with some larger weapons.
You are too small for most types of armour.
You have supernaturally acute eyesight. (SInv)
You cover ground extremely quickly. (Speed+++)


Message History

No target in view!
HP restored.
r - a scroll of blinking You now have 162 gold pieces (gained 12).
You see here a hobgoblin corpse.
Found a stone staircase leading down.
There is a stone staircase leading up here.
s - a ring of resist corrosion
s - a ring of resist corrosion (right hand) Drop what? 19/52 slots (_ for help) (? for menu, Esc to quit)
You drop an amulet of faith.
A jackal skeleton comes into view.
Found a golden potion.
An ufetubus comes into view.
An ogre comes into view. It is wielding a +0 giant spiked club.
The ufetubus shouts!
The ogre shouts!
You hit the ufetubus.
The ufetubus is heavily wounded.
The ufetubus barely misses you. The ufetubus closely misses you.
You closely miss the ufetubus.
The ufetubus is heavily wounded.
The ufetubus closely misses you. x2; The jackal skeleton bites you.
You barely miss the ufetubus.
The ufetubus is heavily wounded.
The ufetubus misses you. The ufetubus closely misses you.
The jackal skeleton closely misses you. The ufetubus completely misses you.
The ufetubus misses you.
You closely miss the ufetubus.
The ufetubus is heavily wounded.
The ufetubus barely misses you. x2
The jackal skeleton completely misses you.
The ogre completely misses you.
You completely miss the ufetubus.
The ufetubus is heavily wounded.
The ufetubus hits you but does no damage.
The ufetubus completely misses you. The jackal skeleton bites you.
The ufetubus closely misses you. x2
The ogre hits you with a +0 giant spiked club!!
Ouch! That really hurt!
You die...

##........##.##......
##..#....##...........
####..#..#...........
####.##..........
#...........# .
##....!.....#..
###......#....
###...Z......
#....@5......
#...O........
#.........##..
#..........#
##........##
#.........
#...........
...##.#.#..##


You could see an ogre, an ufetubus and a jackal skeleton.

Vanquished Creatures
  A scorpion (D:4)
  An orc priest (D:3)
  An orc wizard (D:3)
  A hound skeleton (D:4)
  3 adders
  A white imp (D:3)
  A worm (D:3)
  8 orcs
  3 ball pythons (D:1)
  2 endoplasms (D:1)
  3 giant cockroaches
  3 goblins
  3 hobgoblins
  2 jackals (D:3)
  2 kobolds (D:1)
  A quokka (D:2)
  6 bats
  A frilled lizard (D:3)
  6 rats
49 creatures vanquished.

Notes
Turn   | Place    | Note
-------+----------+-------------------------------------------
     0 | D:1      | Ijustatesigmund the Spriggan Brigand began the quest for
                  | the Orb.
     0 | D:1      | Reached XP level 1. HP: 10/10 MP: 2/2
    92 | D:1      | Found a faded altar of an unknown god.
   662 | D:1      | Reached XP level 2. HP: 15/15 MP: 3/3
   988 | D:1      | Found Dorghuvil's Antique Armour Emporium.
  1509 | D:1      | Reached XP level 3. HP: 7/19 MP: 4/4
  2320 | D:3      | Reached XP level 4. HP: 14/23 MP: 5/5
  2843 | D:3      | Reached XP level 5. HP: 28/28 MP: 6/6
  3004 | D:3      | Found a basalt altar of Yredelemnul.
  3389 | D:4      | Noticed an ogre
  3396 | D:4      | Slain by an ogre

Illustrated notes

Levels and vault maps discovered:
D:1:      grunt_arrival_crossed_arrows, layout_basic, serial_shops, shop,
          hellmonk_ecumenical_altar_run_dry, hex_tiny, minivault_26
D:2:      layout_basic
D:3:      layout_loops_ring, lemuel_doored_altar
D:4:      layout_cave_pools, nicolae_uskayaw_en_pointe

Skill      XL: |  1  2  3  4 |
---------------+-------------+-----
Fighting       | 2 3 |  3.6
Short Blades   | 3 4 |  4.8
Throwing       | |  2.0
Dodging        | |  1.3
Stealth        | |  5.8

Action                   |  1- 3 |  4- 6 || total
-------------------------+-------+-------++-------
Melee: Dagger            |    96 |       ||    96
       Rapier            |    14 |    44 ||    58
Throw: Dart              |    12 |       ||    12
  Use: Scroll            |     5 |     1 ||     6
 Stab: Sleeping          |     7 |     5 ||    12
Armor: Robe              |    20 |     6 ||    26
Dodge: Dodged            |    91 |    36 ||   127

Table legend: (Time is in decaauts)
 A = Elapsed time spent in this place.
 B = Non-inter-level travel time spent in this place.
 C = Inter-level travel time spent in this place.
 D = Time resting spent in this place.
 E = Time spent auto-exploring this place.
 F = Levels seen in this place.
 G = Mean time per level.
                   A        B        C        D        E       F      G
               +--------+--------+--------+--------+--------+-----+--------+
         Total |   2635 |   2565 |     70 |    735 |   1416 |   4 |  658.8 |
       Dungeon |   2635 |   2565 |     70 |    735 |   1416 |   4 |  658.8 |
               +--------+--------+--------+--------+--------+-----+--------+

Top non-repeatable levels by time:
     D:1: 1555 daAuts
     D:2: 502 daAuts
     D:3: 502 daAuts
     D:4: 74 daAuts
